 Dungeon Crawl Stone Soup version 0.27-a0-401-gea03ee85fd (webtiles) character file.

Game seed: 16428407194575700916

153 mobinator the Cudgeller (level 5, 32/45 HPs)
             Began as a Minotaur Berserker on Feb 22, 2021.
             Was a Believer of Trog.
             Quit the game on level 1 of the Dungeon on Nov 22, 2022.
             The game lasted 00:09:55 (2358 turns).

mobinator the Cudgeller (Minotaur Berserker)        Turns: 2358, Time: 00:09:55

Health: 32/45      AC:  3    Str: 23    XL:     5   Next: 12%
Magic:  4/4        EV: 12    Int:  4    God:    Trog [**....]
Gold:   113        SH:  0    Dex:  9    Spells: 4/4 levels left

rFire    . . .     SeeInvis .   a - +0 mace
rCold    . . .     Faith    .   (no shield)
rNeg     . . .     Spirit   .   j - +0 leather armour
rPois    .         Reflect  .   (helmet restricted)
rElec    .         Harm     .   (no cloak)
rCorr    .         Rampage  .   (no gloves)
Will     .....                  (no boots)
Stlth    +.........             (no amulet)
HPRegen  0.15/turn              (no ring)
MPRegen  0.09/turn              (no ring)

@: no status effects
A: retaliatory headbutt, horns 2
a: Renounce Religion, Berserk, Trog's Hand


You were on level 1 of the Dungeon.
You worshipped Trog.
Trog was pleased with you.
You visited 1 branch of the dungeon, and saw 3 of its levels.

You collected 113 gold pieces.

Inventory:

Hand Weapons
 a - a +0 mace (weapon)
Armour
 j - a +0 leather armour (worn)
Scrolls
 h - a scroll of fear {unknown}
 i - a scroll of blinking {unknown}
 k - a scroll of teleportation {unknown}
 l - a scroll of amnesia {unknown}
 m - a scroll of noise {unknown}
Potions
 b - a potion of degeneration {unknown}
 c - 3 potions of curing {unknown}
 d - a potion of heal wounds {unknown}
 e - a potion of lignification {unknown}
 f - 2 potions of flight {unknown}
 g - 2 potions of magic {unknown}


   Skills:
 - Level 3.6 Fighting
 * Level 7.1 Maces & Flails
 - Level 2.4 Armour
 - Level 2.1 Dodging


You had 4 spell levels left.
You didn't know any spells.
Your spell library was empty.

Dungeon Overview and Level Annotations

Branches:
Dungeon (3/15)

Altars:


Innate Abilities, Weirdness & Mutations

You reflexively headbutt those who attack you in melee.
You have a pair of horns on your head.


Message History

You climb upwards.
There is a stone staircase leading down here.
You can't go up here!
You can't go up here!
You can't go up here!
Okay, then.
Unknown command.
Okay, then.
You can't go up here!
Unknown command.
(D) Dungeon
Where to? (? - help)
There is a stone staircase leading up here.
You climb upwards.
There is a stone staircase leading down here.
You can't go up here!
(D) Dungeon
Where to? (Enter - D:1, ? - help)
Okay, then.
(D) Dungeon
Where to? (Enter - D:1, ? - help)
Okay, then.
(D) Dungeon
Where to? (Enter - D:1, ? - help)
You climb downwards.
There is a stone staircase leading up here.
(D) Dungeon
Where to? (Enter - D:2, ? - help)
You climb upwards.
There is a stone staircase leading down here.
(D) Dungeon
Where to? (Enter - D:1, ? - help)
Okay, then.
You see here a kite shield.
You see here a kite shield.
Describe a (M)onster, (S)pell, s(K)ill, (A)bility, (C)ard, (I)tem, (F)eature, (G)od, (B)ranch, c(L)oud or s(T)atus?
Okay, then.
Are you sure you want to abandon this character and quit the game? (Confirm with "yes".)
Okay, then.
Are you sure you want to abandon this character and quit the game? (Confirm with "yes".)

#######.##.#####..######....#
#.##.##..........#.#.†#
#.##.##.##...#.###.######
#######.##.##.##.).#.###.###..#
...............#...##.##.##.#.#
#######.##.#####....##.....##.#
........##..........###...###(#
......##########....##)....##.#
................@...#.##.##.#.#
.....................###.###..#
##############..#......#.#.#..#
########..#....###.#.##.#
#######.....##..####.# #...##.#
......'.....##.......# ######.#
#######.....##.####### #.#
###'####.....(# #.# #.#
#.####.# #.#


There were no monsters in sight!

Vanquished Creatures
  An orc priest (D:3)
  An orc wizard (D:2)
  2 adders (D:2)
  2 oozes
  2 dart slugs (D:1)
  A worm (D:2)
  4 leopard geckos
  5 orcs
  5 bats
  2 giant cockroaches (D:1)
  7 goblins
  A hobgoblin (D:1)
  7 jackals (D:2)
  4 kobolds
  3 quokkas (D:2)
  A ball python (D:1)
  4 frilled lizards
  3 rats
55 creatures vanquished.

Notes
Turn   | Place    | Note
-------+----------+-------------------------------------------
     0 | D:1      | mobinator the Minotaur Berserker began the quest for the
                  | Orb.
     0 | D:1      | Reached XP level 1. HP: 19/19 MP: 0/0
   209 | D:1      | Reached skill level 4 in Maces & Flails
   216 | D:1      | Reached XP level 2. HP: 23/26 MP: 1/1
   720 | D:1      | Reached skill level 5 in Maces & Flails
   757 | D:1      | Reached XP level 3. HP: 30/31 MP: 2/2
  1258 | D:2      | Reached skill level 6 in Maces & Flails
  1258 | D:2      | Reached XP level 4. HP: 39/39 MP: 3/3
  1756 | D:2      | Reached ** piety under Trog
  1983 | D:2      | Found a faded altar of an unknown god.
  2212 | D:3      | Reached skill level 7 in Maces & Flails
  2212 | D:3      | Reached XP level 5. HP: 10/45 MP: 4/4
  2358 | D:1      | Quit the game

Illustrated notes

Levels and vault maps discovered:
D:1:      elethiomel_arrival_fortress_basement, layout_basic, hex_intersection,
          minmay_pentomino_o2
D:2:      layout_loops_ring, chequers_ecumenical_altar_simple_redux
D:3:      layout_basic

Skill      XL: |  1  2  3  4 |
---------------+-------------+-----
Maces & Flails | 4 5 6 7 |  7.1
Fighting       | |  3.6
Armour         | |  2.4
Dodging        | |  2.1

Action                   |  1- 3 |  4- 6 || total
-------------------------+-------+-------++-------
Melee: Mace              |    44 |    72 ||   116
       Headbutt          |     7 |    11 ||    18
Armor: Animal skin       |     7 |       ||     7
       Leather armour    |       |    20 ||    20
Dodge: Dodged            |    26 |    61 ||    87

Table legend: (Time is in decaauts)
 A = Elapsed time spent in this place.
 B = Non-inter-level travel time spent in this place.
 C = Inter-level travel time spent in this place.
 D = Time resting spent in this place.
 E = Time spent auto-exploring this place.
 F = Levels seen in this place.
 G = Mean time per level.
                   A        B        C        D        E       F      G
               +--------+--------+--------+--------+--------+-----+--------+
         Total |   2372 |   2313 |     59 |    218 |   1702 |   3 |  790.7 |
       Dungeon |   2372 |   2313 |     59 |    218 |   1702 |   3 |  790.7 |
               +--------+--------+--------+--------+--------+-----+--------+

Top non-repeatable levels by time:
     D:1: 1197 daAuts
     D:2: 1124 daAuts
     D:3: 50 daAuts
